 Dungeon Crawl Stone Soup version 0.25.1-8-g42b30a86e7 (webtiles) character file.

Game seed: 1471492455908953645

74 Clowwww the Chopper (level 4, 0/40 HPs)
             Began as a Hill Orc Fighter on Dec 5, 2020.
             Slain by a hippogriff (5 damage)
             ... on level 3 of the Dungeon.
             The game lasted 00:02:53 (2314 turns).

Clowwww the Chopper (Hill Orc Fighter)              Turns: 2314, Time: 00:02:54

Health: 0/40       AC:  7    Str: 19    XL:     4   Next: 30%
Magic:  4/4        EV:  7    Int:  8    God:
Gold:   129        SH:  9    Dex: 10    Spells: 3/3 levels left

rFire    . . .     SeeInvis .   a - +0 war axe
rCold    . . .     Gourm    .   c - +0 kite shield
rNeg     . . .     Faith    .   b - +0 scale mail
rPois    .         Spirit   .   (no helmet)
rElec    .         Reflect  .   (no cloak)
rCorr    .         Harm     .   (no gloves)
MR       .....                  (no boots)
Stlth    ..........             (no amulet)
HPRegen  0.13/turn              (no ring)
MPRegen  0.09/turn              (no ring)

@: no status effects
A: no striking features
a: no special abilities


You were on level 3 of the Dungeon.
You were not hungry.

You visited 1 branch of the dungeon, and saw 3 of its levels.

You collected 129 gold pieces.

Inventory:

Hand Weapons
 a - a +0 war axe (weapon)
Armour
 b - a +0 scale mail (worn)
 c - a +0 kite shield (worn)
Jewellery
 m - an uncursed amulet of magic regeneration {unknown}
Wands
 l - a wand of polymorph (9)
Scrolls
 e - a scroll of teleportation {unknown}
 g - 2 scrolls of remove curse {unknown}
 h - 6 scrolls of identify {unknown}
 j - a scroll of magic mapping {unknown}
 n - a scroll of fear {unknown}
 p - a scroll of noise {unknown}
 r - a scroll of immolation {unknown}
 s - a scroll of fog {unknown}
Potions
 d - a potion of might
 i - a potion of brilliance {unknown}
 k - 2 potions of ambrosia {unknown}
 o - a potion of flight {unknown}
Comestibles
 f - 4 rations
 q - 4 chunks of flesh


   Skills:
 + Level 4.0 Fighting
 + Level 4.1 Axes
 + Level 4.0 Armour
 + Level 0.3 Dodging
 + Level 0.2 Stealth
 + Level 3.6 Shields


You had 3 spell levels left.
You didn't know any spells.
Your spell library was empty.

Dungeon Overview and Level Annotations

Branches:
Dungeon (3/15)

Altars:


Message History

The hippogriff bites you! You block the hippogriff's attack.
The hippogriff claws you.
You slash the hippogriff!
The hippogriff is moderately wounded.
You block the hippogriff's attack.
The hippogriff pecks you but does no damage.
The hippogriff claws you!
You barely miss the hippogriff.
The hippogriff is moderately wounded.
The hippogriff bites you. You block the hippogriff's attack.
The hippogriff claws you.
You slash the hippogriff!
The hippogriff is heavily wounded.
The hippogriff closely misses you. x2; The hippogriff barely misses you.
The hippogriff bites you.
* * * LOW HITPOINT WARNING * * *
The hippogriff pecks you.
* * * LOW HITPOINT WARNING * * *
The hippogriff claws you.
You die...

.....#
###......#......
.....#
######.........
.....#
#.....######..
.....## ####......#
#. ###...#
#.....###.# ##..#
#..#### #.. #.##
#..###..... #.#
##.......... #รท# ##
#..@###.....
#.##..###
###.H.......
#........ ..........
####.#######
.....#....
..........##.###....
... .............
###... ..
............# ##.. .
............# ..#
............#


You could see a hippogriff.

Vanquished Creatures
  2 adders (D:2)
  2 worms (D:2)
  A dart slug (D:1)
  2 leopard geckos
  2 giant cockroaches
  6 goblins
  11 hobgoblins
  10 bats
  4 kobolds
  5 rats
45 creatures vanquished.

Notes
Turn   | Place    | Note
-------+----------+-------------------------------------------
     0 | D:1      | Clowwww the Hill Orc Fighter began the quest for the Orb.
     0 | D:1      | Reached XP level 1. HP: 19/19 MP: 1/1
   215 | D:1      | Reached XP level 2. HP: 27/27 MP: 2/2
   920 | D:1      | Reached XP level 3. HP: 31/33 MP: 3/3
  1849 | D:2      | Reached XP level 4. HP: 33/40 MP: 4/4
  2311 | D:3      | Noticed a hippogriff
  2314 | D:3      | Slain by a hippogriff

Illustrated notes

Levels and vault maps discovered:
D:1:      ncdulo_halloftheorcs, layout_basic
D:2:      layout_basic, hangedman_decor_clover_reticule
D:3:      layout_rooms, evilmike_ruin_ashenzari,
          gammafunk_temple_overflow_pools, columned_hall_lemuel,
          kennysheep_flooded_box

Skill      XL: |  1  2  3 |
---------------+----------+-----
Fighting       | 4 |  4.0
Axes           | 3 4 |  4.1
Armour         | 4 |  4.0
Dodging        | |  0.3
Stealth        | |  0.2
Shields        | |  3.6

Action                   |  1- 3 |  4- 6 || total
-------------------------+-------+-------++-------
Melee: War axe           |   103 |    30 ||   133
  Eat: Chunk             |     3 |     2 ||     5
Armor: Scale mail        |    49 |    15 ||    64
Dodge: Dodged            |    33 |    11 ||    44
Block: Kite shield       |    52 |    24 ||    76
